 Dungeon Sprint DCSS version bcrawl-1.15.1 (webtiles) character file.

Game seed: 2096949808389916053

998 Nivan the Unseen (level 8, -2/65 HPs)
             Began as a Human Rogue on Sept 28, 2019.
             Was a Follower of Uskayaw.
             Slain by a deep troll (15 damage)
             ... in the Dungeon (Sprint I: "Red Sonja").
             The game lasted 00:09:12 (799 turns).

Nivan the Unseen (Human Rogue)                       Turns: 799, Time: 00:09:12

Health: -2/65      AC:  3    Str: 11    XL:     8   Next: 42%
Magic:  12/12      EV: 13    Int: 12    God:    Uskayaw [*.....]
Gold:   405        SH:  0    Dex: 17    Spells: 7/7 levels left

rFire    . . .     SeeInvis .   o - +1 dagger (venom)
rCold    . . .     Gourm    .   (no shield)
rNeg     . . .     Faith    .   c - +0 robe
rPois    .         Spirit   .   (no helmet)
rElec    .         Reflect  .   d - +0 cloak
rCorr    .         Harm     .   (no gloves)
MR       .....     NoTele   +   (no boots)
Stlth    ++++++....             (no amulet)
HPRegen  0.20/turn              (no ring)
MPRegen  0.13/turn              (no ring)

@: no status effects
A: no striking features
a: Stomp, Renounce Religion


You were in the Dungeon.
You worshipped Uskayaw.
Uskayaw was noncommittal.
You were not hungry.

You visited 1 branch You collected 405 gold pieces.

Inventory:

Hand Weapons
 a - a +2 dagger
 b - a +0 blowgun
 o - a +1 dagger of venom (weapon)
 s - a +0 blowgun
 t - a +1 dagger of draining
Missiles
 e - 77 poisoned needles
 r - 16 curare-tipped needles
Armour
 c - a +0 robe (worn)
 d - a +0 cloak (worn)
Wands
 f - a wand of flame (15)
 g - a wand of enslavement (14)
 i - a wand of polymorph (4)
Scrolls
 n - a scroll of blinking
 p - a scroll of fear {unknown}
 q - a scroll of fog {unknown}
Potions
 j - a potion of heal wounds
 k - 2 potions of haste
 l - 2 potions of magic
 m - a potion of berserk rage
Comestibles
 h - a ration {!d}


   Skills:
 + Level 6.5 Fighting
 + Level 6.5 Short Blades
 + Level 3.1 Dodging
 + Level 16.3 Stealth
 + Level 2.5 Unarmed Combat
 + Level 6.0 Evocations


You had 7 spell levels left.
You didn't know any spells.
Your spell library was empty.

Dungeon Overview and Level Annotations

Branches:
Dungeon (1/1)

Altars:
Cheibriados
Dithmenos
Elyvilon
Fedhas
Gozag
Hepliaklqana
Kikubaaqudgha
Nemelex Xobeh
Okawaru
Qazlal
Ru
Sif Muna
Trog
Uskayaw
Vehumet
Wu Jian
Yredelemnul
Zin
The Shining One

Shops:
D %


Message History

You toss away a poisoned needle.
The poisoned needle hits the deep troll!
You hit the deep troll but do no damage.
The deep troll is poisoned.
The deep troll bites you! The deep troll completely misses you.
The deep troll claws you!
There is an open door here.
You hit the deep troll.
The deep troll looks as sick as possible!
The deep troll is lightly wounded.
The deep troll bites you! The deep troll claws you!
The deep troll barely misses you.
You hit the deep troll but do no damage.
The deep troll looks as sick as possible!
You hit the deep troll.
The deep troll looks as sick as possible!
The deep troll is lightly wounded.
The deep troll bites you!
* * * LOW HITPOINT WARNING * * *
The deep troll claws you!
You die...

################
#<.#..'..#.)'..#
#..'.)#).'..#..+
#..#####'#####'#
#..####..#...#.#
#..#__####..##.#
#..#_____##'#_.+
#⌠⌠#_.∩...'..@_#
####_..__##_T#'#
#_____###'#.#
#########.####+###
+...'$$.$$+
#...####### ##.##
#+#


You could see a deep troll.

Vanquished Creatures
  Sonja (D)
  Sigmund (D)
  A yak (D)
  A boggart (D)
  A jelly (D)
  Ijyb (D)
6 creatures vanquished.

Notes
Turn   | Place    | Note
-------+----------+-------------------------------------------
     0 | D        | Nivan the Human Rogue began the quest for the Orb.
     0 | D        | Reached XP level 1. HP: 16/16 MP: 2/2
     2 | D        | Noticed Ijyb
     7 | D        | Noticed an ogre
    10 | D        | Noticed a boggart
    10 | D        | an ogre changed into a boggart
    16 | D        | Killed a boggart
    16 | D        | Reached skill level 9 in Stealth
    16 | D        | Reached XP level 2. HP: 17/24 MP: 2/4
    16 | D        | Reached XP level 3. HP: 21/29 MP: 2/5
    16 | D        | Reached XP level 4. HP: 25/35 MP: 2/6
    68 | D        | Killed Ijyb
    68 | D        | Reached skill level 10 in Stealth
    68 | D        | Reached XP level 5. HP: 17/41 MP: 7/7
   257 | D        | Noticed Sigmund
   260 | D        | Killed Sigmund
   260 | D        | Reached skill level 1 in Dodging
   260 | D        | Reached skill level 12 in Stealth
   260 | D        | Reached skill level 1 in Unarmed Combat
   260 | D        | Reached XP level 6. HP: 47/49 MP: 7/9
   268 | D        | Found a shimmering blue altar of Sif Muna.
   269 | D        | Found an ornate altar of the Wu Jian Council.
   270 | D        | Found a radiant altar of Vehumet.
   274 | D        | Reached skill level 13 in Stealth
   518 | D        | Found Eklip's Food Emporium.
   518 | D        | Found an ancient bone altar of Kikubaaqudgha.
   518 | D        | Found a hazy altar of Hepliaklqana.
   518 | D        | Found a stormy altar of Qazlal.
   518 | D        | Found a hide-covered altar of Uskayaw.
   518 | D        | Found a blossoming altar of Fedhas.
   518 | D        | Found a bloodstained altar of Trog.
   518 | D        | Found an iron altar of Okawaru.
   518 | D        | Found a basalt altar of Yredelemnul.
   518 | D        | Found a glowing golden altar of the Shining One.
   518 | D        | Found a snail-covered altar of Cheibriados.
   518 | D        | Found a sacrificial altar of Ru.
   518 | D        | Found a glowing silver altar of Zin.
   518 | D        | Found a shadowy altar of Dithmenos.
   518 | D        | Found a white marble altar of Elyvilon.
   518 | D        | Noticed a yak
   537 | D        | Killed a yak
   537 | D        | Reached skill level 5 in Fighting
   537 | D        | Reached skill level 5 in Short Blades
   537 | D        | Reached skill level 14 in Stealth
   537 | D        | Reached skill level 5 in Evocations
   537 | D        | Reached XP level 7. HP: 15/56 MP: 10/10
   756 | D        | Found an opulent altar of Gozag.
   757 | D        | Found a sparkling altar of Nemelex Xobeh.
   765 | D        | Became a worshipper of Uskayaw the Reveler
   773 | D        | Noticed Sonja
   777 | D        | Killed Sonja
   777 | D        | Reached skill level 16 in Stealth
   777 | D        | Reached XP level 8. HP: 65/65 MP: 10/12
   777 | D        | Reached * piety under Uskayaw
   789 | D        | Noticed a deep troll
   799 | D        | Slain by a deep troll

Skill      XL: |  1  2  3  4  5  6  7 |
---------------+----------------------+-----
Fighting       | 3 4 5 6 |  6.5
Short Blades   | 3 4 5 6 |  6.5
Stealth        | 9 10 12 14 16 | 16.3
Evocations     | 3 4 5 6 |  6.0
Dodging        | 1 2 3 |  3.1
Unarmed Combat | 1 2 |  2.5

Action                   |  1- 3 |  4- 6 |  7- 9 || total
-------------------------+-------+-------+-------++-------
Melee: Dagger            |     6 |    18 |     5 ||    29
       Unarmed           |       |     7 |       ||     7
Evoke: Wand              |     1 |       |       ||     1
  Use: Potion            |       |     1 |       ||     1
 Stab: Distracted        |     1 |       |       ||     1
       Sleeping          |       |     2 |     1 ||     3
Armor: Robe              |     2 |     2 |       ||     4
       Skin              |       |     2 |       ||     2
Dodge: Dodged            |     1 |     9 |     2 ||    12
